cohdb
Replays
Latest Replays
All Replays
Popular Replays
Top Player Replays
Match Explorer
How It Works
Community
CoH3 Stats
Reddit
Sign in to upload your games and track your stats! →
Sign in with Steam
Match 46264172
Unlisted
Match 46264172
Overview
Messages
Build Orders
End
Pioneer Squad
Selects Italian Coastal Battlegroup
Selects Coastal Reserves
Coastal Reserve
Coastal Reserve
Coastal Reserve
Construct Infanterie Kompanie
Construct Panzergrenadier Kompanie
251 Medium Carrier
Selects Designate Defensive Line
Medical Station
Pak 40 Anti-tank Gun Team
Selects Rapid Fortifications
Panzergrenadier Squad
Rapid Fortifications
Medical Bunker
Pak 40 Anti-tank Gun Team
Support Elements
AI Takeover
oziligath
不吃香菜
0
0
Comments
sign in to comment!
No comments posted yet!